 Dungeon Sprint DCSS version 0.27-a0-1158-gaa87e14f67 (webtiles) character file.

Game seed: 12586946437705970814

28065 mhtbhm the Sorcerer (level 13, -8/64 HPs)
             Began as a Deep Elf Earth Elementalist on May 15, 2021.
             Was the Champion of Vehumet.
             Mangled by a thorn hunter (22 damage)
             ... in the Dungeon (Sprint IX: "|||||||||||||||||||||||||||||").
             The game lasted 00:15:24 (4555 turns).

mhtbhm the Sorcerer (Deep Elf Earth Elementalist)   Turns: 4555, Time: 00:15:24

Health: -8/64      AC:  1    Str:  5    XL:     13   Next: 7%
Magic:  27/44      EV: 19    Int: 32    God:    Vehumet [******]
Gold:   208        SH:  5    Dex: 24    Spells: 28/63 levels left

rFire    + . .     SeeInvis .   j - +2 halberd of Eternal Vigilance {vorpal, rPois rF+}
rCold    . . .     Faith    .   (shield currently unavailable)
rNeg     . . .     Spirit   .   c - +0 robe
rPois    +         Reflect  +   (no helmet)
rElec    +         Harm     .   k - +0 cloak
rCorr    .         Rampage  .   l - +0 pair of gloves
Will     ++...     NoTele   +   x - +0 pair of boots
Stlth    ++++......             A - amulet of reflection
HPRegen  0.20/turn              s - ring of Wariness {Contam Fly rElec Will+ Dex+6}
MPRegen  0.29/turn              B - ring "Ledel" {Int+6 Dex+3}

@: corroded, flying
A: no striking features
a: Renounce Religion


You were in the Dungeon.
You worshipped Vehumet.
Vehumet was exalted by your worship.
You visited 1 branch You collected 1921 gold pieces.
You spent 1713 gold pieces at shops.

Inventory:

Hand Weapons
 j - the +2 halberd of Eternal Vigilance (weapon) {vorpal, rPois rF+}
   (You found it in the Dungeon)

   It inflicts extra damage upon your enemies.
   It protects you from fire.
   It protects you from poison.
Missiles
 b - 52 stones
 m - 19 poisoned darts (quivered)
 F - 4 curare-tipped darts
Armour
 c - a +0 robe (worn)
 k - a +0 cloak (worn)
 l - a +0 pair of gloves (worn)
 x - a +0 pair of boots (worn)
Jewellery
 s - the ring of Wariness (left hand) {Contam Fly rElec Will+ Dex+6}
   (You found it in the Dungeon)

   [ring of dexterity]

   It affects your dexterity (+6).
   It insulates you from electricity.
   It grants you flight.
   It causes magical contamination when unequipped.
   It increases your willpower.
 A - an amulet of reflection (around neck)
 B - the ring "Ledel" (right hand) {Int+6 Dex+3}
   (You bought it in a shop in the Dungeon)

   [ring of intelligence]

   It affects your intelligence (+6).
   It affects your dexterity (+3).
 E - a ring of wizardry
 G - a ring of poison resistance
 H - a ring of see invisible
Wands
 h - a wand of acid (4)
Scrolls
 f - 2 scrolls of amnesia
 i - 4 scrolls of blinking
 t - 2 scrolls of fog
 u - 2 scrolls of fear
 v - 2 scrolls of identify
 w - 6 scrolls of enchant armour
 y - a scroll of holy word
 C - 2 scrolls of magic mapping {unknown}
 D - 3 scrolls of enchant weapon
Potions
 a - a potion of invisibility
 d - 5 potions of curing
 e - 6 potions of heal wounds
 g - 4 potions of magic
 o - 2 potions of might
 p - 2 potions of brilliance
 q - 2 potions of mutation
 r - a potion of flight
 z - a potion of haste


   Skills:
 - Level 0.4 Fighting
 + Level 0.7 Polearms
 + Level 8.3 Dodging
 + Level 7.5 Stealth
 + Level 1.2 Shields
 - Level 0.3 Unarmed Combat
 + Level 25.9 Spellcasting
 + Level 7.7 Conjurations
 + Level 4.2 Transmutations
 + Level 3.8 Fire Magic
 + Level 3.7 Ice Magic
 + Level 2.7 Air Magic
 + Level 22.5 Earth Magic
 + Level 1.1 Poison Magic
 + Level 4.9 Evocations


You had 28 spell levels left.
You knew the following spells:

 Your Spells              Type           Power      Damage    Failure   Level
a - Sandblast             Erth           100%       2d20      0%          1
b - Passwall              Tmut/Erth      75%        N/A       0%          2
c - Stone Arrow           Conj/Erth      100%       3d13      0%          3
d - Lee's Rapid Deconstr  Erth           55%        3d27*     0%          5
e - Petrify               Tmut/Erth      91%        N/A       1%          4
f - Mephitic Cloud        Conj/Pois/Air  60%        N/A       1%          3
g - Bolt of Magma         Conj/Fire/Erth 42%        4d18      1%          5
h - Freezing Cloud        Conj/Ice/Air   32%        6-21      3%          6
i - Iron Shot             Conj/Erth      47%        9d9       1%          6

Your spell library contained the following spells:

 Spells                   Type           Power      Damage    Failure   Level
 Lehudib's Crystal Spear  Conj/Erth      47%        10d11     2%          8
 Fire Storm               Conj/Fire      34%        8d9       100%        9
 Tornado                  Air            28%        N/A       100%        9


Dungeon Overview and Level Annotations

Branches:
Dungeon (1/1)

Altars:
Cheibriados
Dithmenos
Elyvilon
Fedhas
Gozag
Hepliaklqana
Kikubaaqudgha
Makhleb
Nemelex Xobeh
Okawaru
Qazlal
Ru
Sif Muna
Trog
Uskayaw
Vehumet
Wu Jian
Xom
Yredelemnul
Zin
The Shining One
Beogh
Jiyva
Lugonu

Shops:
D (*=*


Message History

The bunyip howls a warning cry!
Your Poison Magic skill increases to level 1!
You have reached level 13!
Unknown command.
Casting: Lee's Rapid Deconstruction (safe; 0% risk of failure)
Confirm with . or Enter, or press ? or * to list all spells.
Aiming: Lee's Rapid Deconstruction (safe; 0% risk of failure)
Press: ? - help, Dir - move target, p - bunyip An open door to the Swamp.
The stone door frame shatters!
The blast of rock fragments hits the thorn hunter!!
The thorn hunter is moderately damaged.
The blast of rock fragments hits the bunyip!!!
You kill the bunyip!
Vehumet accepts your kill.
You feel your power returning.
An eleionoma comes into view.
Unknown command.
Unknown command.
Unknown command.
Casting: Lee's Rapid Deconstruction (safe; 0% risk of failure)
Confirm with . or Enter, or press ? or * to list all spells.
Okay, then.
You feel much better.
Unknown command.
Casting: Lee's Rapid Deconstruction (safe; 0% risk of failure)
Confirm with . or Enter, or press ? or * to list all spells.
Aiming: Lee's Rapid Deconstruction (safe; 0% risk of failure)
Press: ? - help, Dir - move target, f - bunyip Fragment what (e.g. wall or brittle monster)?: a bunyip (catching its breath)
An open door to the Swamp.
The stone door frame shatters!
The blast of rock fragments hits the bunyip!!
The bunyip is moderately wounded.
The blast of rock fragments hits the thorn hunter but does no damage.
The thorn hunter is moderately damaged.
The thorn hunter hits you!!
* * * LOW HITPOINT WARNING * * *
The thorn hunter hits you!!
You die...

♣.♣.▓)▓.▓.▓.▓'▓.▓_
♣.♣.▓)▓.▓.▓.▓÷▓.▓_
♣R♣.▓)▓.▓)▓.▓.▓.▓_
♣w♣.▓)▓.▓.▓.▓.▓.▓_
♣.♣.▓)▓.▓.▓.▓.▓.▓_
♣.♣.▓)▓.▓)▓.▓.▓.▓'
♣x♣.▓)▓.▓)▓.▓.▓.▓.
▓f▓.▓.▓.▓)▓.▓.▓.▓.
▓@▓.▓.▓.▓)▓.▓.▓.▓.
▓.▓.▓=▓.▓)▓.▓.▓.▓.
▓.▓.▓.▓.▓.▓.▓.▓.▓.
▓.▓.▓.▓.▓.▓.▓.▓.▓'
▓.▓.▓'▓.▓.▓.▓.▓.▓.
▓.▓.▓.▓.▓.▓.▓.▓.▓.
▓.▓.▓.▓.▓)▓.▓'▓.▓.
▓.▓.▓.▓.▓.▓.▓.▓.▓)
▓.▓.▓.▓.▓)▓.▓.▓.▓÷


You could see a thorn hunter, a bunyip (catching breath), an eleionoma and a
tyrant leech.

Vanquished Creatures
  Rupert (D)
  A tengu reaver (D)
  A fire giant (D)
  A very ugly thing (D)
  A stone giant (D)
  A bunyip (D)
  A fire dragon (D)
  2 hydras (D)
  Josephine (D)
  2 centaur warriors (D)
  2 orc high priests (D)
  Sonja (D)
  A goliath frog (D)
  A deep elf pyromancer (D)
  4 orc knights (D)
  3 ugly things (D)
  A wolf spider (D)
  2 orc sorcerers (D)
  A will-o-the-wisp (D)
  3 cane toads (D)
  2 komodo dragons (D)
  3 gargoyles (D)
  A rime drake (D)
  2 tengu conjurers (D)
  A komodo dragon (shapeshifter) (D)
  5 polar bears (D)
  A troll (D)
  A slime creature (D)
  3 yaks (D)
  A wyvern (D)
  A steam dragon (D)
  3 wraiths (D)
  A tarantella (shapeshifter) (D)
  Grum (D)
  An acid dragon (D)
  6 water moccasins (D)
  13 orc warriors (D)
  3 black bears (D)
  4 wolves (D)
  An ogre (D)
  A bullfrog (D)
  A killer bee (D)
  A hound (D)
  2 orc priests (D)
  2 orc wizards (D)
  2 adders (D)
  14 orcs (D)
  An endoplasm (D)
  A giant cockroach (D)
  A jackal (D)
  2 quokkas (D)
  A ball python (D)
  A giant cockroach zombie (D)
115 creatures vanquished.

Notes
Turn   | Place    | Note
-------+----------+-------------------------------------------
     0 | D        | mhtbhm the Deep Elf Earth Elementalist began the quest for
                  | the Orb.
     0 | D        | Reached XP level 1. HP: 10/10 MP: 6/6
   109 | D        | Noticed a hound
   109 | D        | Noticed an ogre
   120 | D        | Killed an ogre
   121 | D        | Reached skill level 6 in Spellcasting
   121 | D        | Reached XP level 2. HP: 16/16 MP: 2/11
   121 | D        | Reached XP level 3. HP: 20/20 MP: 2/13
   121 | D        | Reached XP level 4. HP: 24/24 MP: 2/14
   139 | D        | Reached skill level 7 in Spellcasting
   241 | D        | Found a snail-covered altar of Cheibriados.
   241 | D        | Found a shadowy altar of Dithmenos.
   241 | D        | Found a white marble altar of Elyvilon.
   241 | D        | Found a blossoming altar of Fedhas.
   241 | D        | Found an opulent altar of Gozag.
   242 | D        | Found a hazy altar of Hepliaklqana.
   243 | D        | Found a viscous altar of Jiyva.
   244 | D        | Found an ancient bone altar of Kikubaaqudgha.
   245 | D        | Found a corrupted altar of Lugonu.
   246 | D        | Found a burning altar of Makhleb.
   247 | D        | Found a sparkling altar of Nemelex Xobeh.
   248 | D        | Found an iron altar of Okawaru.
   249 | D        | Found a stormy altar of Qazlal.
   250 | D        | Found a sacrificial altar of Ru.
   251 | D        | Found a shimmering blue altar of Sif Muna.
   252 | D        | Found a bloodstained altar of Trog.
   253 | D        | Found a hide-covered altar of Uskayaw.
   254 | D        | Found a radiant altar of Vehumet.
   255 | D        | Found an ornate altar of the Wu Jian Council.
   256 | D        | Found a shimmering altar of Xom.
   257 | D        | Found a basalt altar of Yredelemnul.
   258 | D        | Found a glowing silver altar of Zin.
   259 | D        | Found a glowing golden altar of the Shining One.
   262 | D        | Became a worshipper of Vehumet
   318 | D        | Got the +2 halberd of Eternal Vigilance {vorpal, rPois rF+}
   345 | D        | Learned a level 2 spell: Passwall
   349 | D        | Learned a level 3 spell: Stone Arrow
   349 | D        | Noticed a steam dragon
   349 | D        | Noticed an acid dragon
   349 | D        | Noticed a yak
   352 | D        | Reached skill level 8 in Spellcasting
   352 | D        | Reached XP level 5. HP: 23/28 MP: 15/17
   352 | D        | Killed a yak
   352 | D        | Reached * piety under Vehumet
   352 | D        | Offered knowledge of Magic Dart by Vehumet.
   353 | D        | Reached skill level 5 in Dodging
   353 | D        | Reached skill level 5 in Stealth
   353 | D        | Reached skill level 10 in Spellcasting
   353 | D        | Reached skill level 10 in Earth Magic
   353 | D        | Reached skill level 1 in Evocations
   353 | D        | Reached XP level 6. HP: 5/33 MP: 16/21
   357 | D        | Killed an acid dragon
   358 | D        | Reached skill level 11 in Spellcasting
   359 | D        | Killed a steam dragon
   359 | D        | Reached ** piety under Vehumet
   360 | D        | Reached XP level 7. HP: 27/37 MP: 17/24
   553 | D        | Learned a level 5 spell: Lee's Rapid Deconstruction
   558 | D        | Learned a level 4 spell: Petrify
   559 | D        | Noticed a gargoyle
   559 | D        | Noticed a troll
   559 | D        | Noticed a gargoyle
   559 | D        | Noticed a slime creature
   559 | D        | Noticed a deep elf pyromancer
   559 | D        | Noticed a gargoyle
   560 | D        | Killed a deep elf pyromancer
   560 | D        | Offered knowledge of Static Discharge by Vehumet.
   561 | D        | Reached skill level 13 in Spellcasting
   561 | D        | Reached XP level 8. HP: 42/42 MP: 21/27
   561 | D        | Killed a gargoyle
   571 | D        | Killed a gargoyle
   572 | D        | Reached skill level 14 in Spellcasting
   573 | D        | Killed a slime creature
   573 | D        | Reached *** piety under Vehumet
   574 | D        | Killed a gargoyle
   575 | D        | Reached skill level 15 in Spellcasting
   575 | D        | Reached XP level 9. HP: 42/46 MP: 4/30
   575 | D        | Killed a troll
   576 | D        | Reached skill level 15 in Earth Magic
   805 | D        | Got the ring of Wariness {Contam Fly rElec Will+ Dex+6}
   920 | D        | Noticed an eight-headed hydra
   920 | D        | Noticed a komodo dragon
   920 | D        | Noticed a cane toad
   922 | D        | Offered knowledge of Mephitic Cloud by Vehumet.
   922 | D        | Reached **** piety under Vehumet
   923 | D        | Reached skill level 16 in Spellcasting
   925 | D        | Noticed a rime drake
   927 | D        | Killed a komodo dragon
   927 | D        | Killed a cane toad
   930 | D        | Killed a rime drake
   930 | D        | Killed an eight-headed hydra
   930 | D        | Reached ***** piety under Vehumet
   931 | D        | Reached skill level 17 in Spellcasting
   931 | D        | Reached XP level 10. HP: 51/51 MP: 9/33
   933 | D        | Reached skill level 18 in Spellcasting
  1174 | D        | Learned a level 3 spell: Mephitic Cloud
  1180 | D        | Noticed a cane toad
  1180 | D        | Noticed a cane toad
  1183 | D        | Offered knowledge of Fulminant Prism by Vehumet.
  1186 | D        | Killed a cane toad
  1190 | D        | Killed a cane toad
  1191 | D        | Reached ****** piety under Vehumet
  1192 | D        | Reached skill level 19 in Spellcasting
  1502 | D        | Offered knowledge of Bolt of Magma by Vehumet.
  1750 | D        | Noticed Josephine
  1758 | D        | Learned a level 5 spell: Bolt of Magma
  1759 | D        | Offered knowledge of Starburst by Vehumet.
  1760 | D        | Reached skill level 20 in Spellcasting
  1771 | D        | Killed Josephine
  1772 | D        | Reached skill level 1 in Conjurations
  1772 | D        | Reached skill level 1 in Fire Magic
  1772 | D        | Reached XP level 11. HP: 28/55 MP: 24/37
  2052 | D        | Noticed Grum
  2058 | D        | Killed Grum
  2058 | D        | Offered knowledge of Eringya's Noxious Bog by Vehumet.
  2238 | D        | Offered knowledge of Spellforged Servitor by Vehumet.
  2517 | D        | Noticed an orc sorcerer
  2523 | D        | Killed an orc sorcerer
  2524 | D        | Reached skill level 21 in Spellcasting
  2531 | D        | Offered knowledge of Freezing Cloud by Vehumet.
  2541 | D        | Noticed an orc knight
  3057 | D        | Killed an orc knight
  3145 | D        | Learned a level 6 spell: Freezing Cloud
  3148 | D        | Found Qaeclat's General Store.
  3148 | D        | Noticed an orc knight
  3148 | D        | Noticed an orc knight
  3148 | D        | Noticed an orc high priest
  3151 | D        | Killed an orc knight
  3152 | D        | Killed an orc knight
  3153 | D        | Killed an orc high priest
  3153 | D        | Offered knowledge of Yara's Violent Unravelling by Vehumet.
  3154 | D        | Reached skill level 22 in Spellcasting
  3220 | D        | Noticed an orc knight
  3222 | D        | Noticed an orc high priest
  3225 | D        | Killed an orc knight
  3227 | D        | Killed an orc high priest
  3404 | D        | Found Lymn's Jewellery Shop.
  3408 | D        | Found Bient's Assorted Antiques.
  3412 | D        | Found Vyicelic's Weapon Shop.
  3422 | D        | Noticed an orc sorcerer
  3429 | D        | Killed an orc sorcerer
  3471 | D        | Bought a scroll of holy word for 105 gold pieces
  3475 | D        | Bought an amulet of reflection for 300 gold pieces
  3475 | D        | Bought the ring "Ledel" {Int+6 Dex+3} for 718 gold pieces
  3477 | D        | Bought a scroll of identify for 42 gold pieces
  3477 | D        | Bought a scroll labelled ZALLEB GUACWU for 21 gold pieces
  3477 | D        | Bought a scroll of fog for 42 gold pieces
  3477 | D        | Bought a scroll labelled TETRAM XUFU for 21 gold pieces
  3477 | D        | Bought a scroll labelled ZALLEB GUACWU for 21 gold pieces
  3477 | D        | Bought a potion of brilliance for 84 gold pieces
  3493 | D        | Bought 14 stones for 19 gold pieces
  3493 | D        | Bought 29 stones for 40 gold pieces
  3495 | D        | Bought a ring of wizardry for 300 gold pieces
  3529 | D        | Noticed Sonja
  3532 | D        | Killed Sonja
  3532 | D        | Offered knowledge of Iron Shot by Vehumet.
  3722 | D        | Learned a level 6 spell: Iron Shot
  3731 | D        | Noticed a red ugly thing
  3731 | D        | Noticed a centaur warrior
  3731 | D        | Noticed a centaur warrior
  3731 | D        | Noticed a brown ugly thing
  3731 | D        | Noticed a wolf spider
  3734 | D        | Killed a centaur warrior
  3734 | D        | Killed a wolf spider
  3735 | D        | Reached skill level 23 in Spellcasting
  3735 | D        | Reached XP level 12. HP: 50/60 MP: 34/41
  3736 | D        | Killed a centaur warrior
  3736 | D        | Noticed a brown very ugly thing
  3742 | D        | Killed a brown very ugly thing
  3750 | D        | Noticed a fire dragon
  3751 | D        | Offered knowledge of Ignition by Vehumet.
  3755 | D        | Killed a fire dragon
  3756 | D        | Reached skill level 24 in Spellcasting
  3756 | D        | Reached skill level 1 in Ice Magic
  3906 | D        | Reached skill level 5 in Conjurations
  3938 | D        | Noticed a fire giant
  3953 | D        | Noticed a tengu reaver
  3954 | D        | Killed a fire giant
  3955 | D        | Reached skill level 1 in Air Magic
  3957 | D        | Killed a tengu reaver
  4156 | D        | Noticed a stone giant
  4161 | D        | Killed a stone giant
  4162 | D        | Reached skill level 25 in Spellcasting
  4313 | D        | Noticed Rupert
  4321 | D        | Killed Rupert
  4322 | D        | Reached skill level 1 in Shields
  4547 | D        | Noticed a bunyip
  4547 | D        | Noticed a thorn hunter
  4547 | D        | Noticed a bunyip
  4547 | D        | Noticed a seven-headed hydra
  4549 | D        | Offered knowledge of Lehudib's Crystal Spear by Vehumet.
  4549 | D        | Offered knowledge of Fire Storm by Vehumet.
  4549 | D        | Offered knowledge of Tornado by Vehumet.
  4552 | D        | Killed a seven-headed hydra
  4553 | D        | Reached skill level 1 in Poison Magic
  4553 | D        | Reached XP level 13. HP: 21/64 MP: 30/44
  4553 | D        | Killed a bunyip
  4553 | D        | Noticed an eleionoma
  4555 | D        | Mangled by a thorn hunter

Illustrated notes

Levels and vault maps discovered:
D:        linesprint [early_d, line_temple, items_1, d_10, items_2, lair_1,
          lair_end, items_3, orc_1, orc_end, items_4, d_15, swamp_1, shoals_1,
          snake_1, spider_1, d_20, vaults_1, items_5, swamp_end, shoals_end,
          snake_end, spider_end, vaults_end, d_27, items_6, zot_1, zot_end,
          crypt_end, forest_end, elf_end, slime_end, tomb_end, abyss_end,
          pan_hell_end]

Skill      XL: |  1  2  3  4  5  6  7  8  9 10 11 12 |
---------------+-------------------------------------+-----
Stealth        | 4 5 6 7 |  7.5
Earth Magic    | 7 8 10 11 13 14 17 19 20 22 | 22.5
Dodging        | 4 5 6 7 8 |  8.3
Spellcasting   | 6 8 10 11 13 15 17 20 23 25 | 25.9
Evocations     | 1 2 3 4 |  4.9
Conjurations   | 1 4 7 |  7.7
Fire Magic     | 1 3 |  3.8
Transmutations | 3 4 |  4.2
Ice Magic      | 3 |  3.7
Air Magic      | 2 |  2.7
Shields        | 1 |  1.2
Poison Magic   | 1 |  1.1
Fighting       | |  0.4
Polearms       | |  0.7
Unarmed Combat | |  0.3

Action                   |  1- 3 |  4- 6 |  7- 9 | 10-12 | 13-15 || total
-------------------------+-------+-------+-------+-------+-------++-------
Melee: Unarmed           |       |    10 |       |       |       ||    10
       Halberd           |       |       |       |     4 |       ||     4
 Cast: Sandblast         |    13 |     6 |     1 |     1 |       ||    21
       Lee's Rapid Decon |       |       |    12 |    61 |     2 ||    75
       Bolt of Magma     |       |       |       |    23 |       ||    23
       Stone Arrow       |       |       |       |     6 |       ||     6
       Petrify           |       |       |       |     8 |       ||     8
       Iron Shot         |       |       |       |    13 |       ||    13
       Freezing Cloud    |       |       |       |     4 |       ||     4
       Mephitic Cloud    |       |       |       |     2 |       ||     2
Evoke: Wand              |       |     5 |     1 |       |       ||     6
  Use: Potion            |     2 |     3 |       |     2 |     1 ||     8
Armor: Robe              |     2 |     1 |     1 |     6 |       ||    10
Dodge: Dodged            |     8 |     6 |     4 |    27 |       ||    45
Block: Other             |       |       |       |     6 |       ||     6
       Reflection        |       |       |       |     1 |       ||     1

Table legend: (Time is in decaauts)
 A = Elapsed time spent in this place.
 B = Non-inter-level travel time spent in this place.
 C = Inter-level travel time spent in this place.
 D = Time resting spent in this place.
 E = Time spent auto-exploring this place.
 F = Levels seen in this place.
 G = Mean time per level.
                   A        B        C        D        E       F      G
               +--------+--------+--------+--------+--------+-----+--------+
         Total |   4565 |   4565 |      0 |   3226 |    367 |   1 | 4565.0 |
       Dungeon |   4565 |   4565 |      0 |   3226 |    367 |   1 | 4565.0 |
               +--------+--------+--------+--------+--------+-----+--------+

Top non-repeatable levels by time:
       D: 4565 daAuts
